 Dungeon Crawl Stone Soup version 0.17.1-3-g152610e (webtiles) character file.

97 Gargoyl the Skirmisher (level 4, -3/37 HPs)
             Began as a Demonspawn Abyssal Knight on Apr 7, 2016.
             Was a Believer of Lugonu.
             Killed from afar by an orc wizard (9 damage)
             ... with a magic dart
             ... on level 3 of the Dungeon.
             The game lasted 00:05:17 (2574 turns).

Gargoyl the Skirmisher (Demonspawn Abyssal Knight)  Turns: 2574, Time: 00:05:18

Health: -3/37      AC:  6    Str: 18    XL:     4   Next: 42%
Magic:  6/6        EV: 10    Int: 13    God:    Lugonu [**....]
Gold:   110        SH:  0    Dex: 13    Spells: 0 memorised, 3 levels left

rFire  + . .     SeeInvis .     a - +1 hand axe
rCold  . . .     Clarity  .     e - +0 scale mail
rNeg   . . .     SustAt   .     (no shield)
rPois  .         Gourm    .     (helmet restricted)
rElec  .         Spirit   .     (no cloak)
rCorr  .         Warding  .     (no gloves)
rMut   .         Stasis   .     (no boots)
MR     .....                    (no amulet)
Stlth  ..........               r - ring of protection from fire
                                (no ring)

@: mighty, not resistant to hostile enchantments, extremely unstealthy
A: antennae 2
a: Depart the Abyss, Bend Space, Renounce Religion


You were on level 3 of the Dungeon.
You worshipped Lugonu.
Lugonu was pleased with you.
You were not hungry.

You visited 1 branch of the dungeon, and saw 3 of its levels.
You visited the Abyss 1 time.

You collected 110 gold pieces.

Inventory:

Hand Weapons
 a - a +1 hand axe (weapon)
Armour
 e - a +0 scale mail (worn)
Jewellery
 r - a ring of protection from fire (right hand)
 t - a +4 ring of dexterity {unknown}
Scrolls
 f - 2 scrolls of identify {unknown}
 g - a scroll of random uselessness {unknown}
 h - a scroll of remove curse
 k - a scroll of noise {unknown}
 l - a scroll of enchant armour {unknown}
 o - 2 scrolls of magic mapping {unknown}
 u - a scroll of blinking {unknown}
Potions
 b - a potion of brilliance {unknown}
 d - a potion of heal wounds
 i - a potion of flight {unknown}
 j - a potion of magic
 n - 4 potions of might
 p - a potion of degeneration {unknown}
 q - a potion of curing {unknown}
 s - 2 potions of mutation {unknown}
Comestibles
 c - 3 bread rations
 m - a meat ration


   Skills:
 + Level 3.7 Fighting
 + Level 2.2 Axes
 * Level 2.8 Armour
 + Level 1.6 Dodging
 + Level 3.0 Invocations


You had 3 spell levels left.
You didn't know any spells.

Dungeon Overview and Level Annotations

Branches:
Dungeon (3/15)

Altars:


Innate Abilities, Weirdness & Mutations

You have a pair of antennae on your head.


Message History

* * * LOW HITPOINT WARNING * * *
You hit the orc wizard.
The orc wizard is moderately wounded.
The orc wizard hits you but does no damage.
The orc wizard gestures wildly while chanting.
The orc wizard blinks!
The orc wizard points at you and mumbles some strange words.
The magic dart hits you!
You barely miss the orc wizard.
The orc wizard is moderately wounded.
The orc wizard hits you but does no damage.
The orc wizard hits you with a dagger.
* * * LOW HITPOINT WARNING * * *
You barely miss the orc wizard.
The orc wizard is moderately wounded.
The orc wizard hits you with a dagger.
* * * LOW HITPOINT WARNING * * *
The orc wizard casts a spell at you. The magic dart hits you!
You die...

......... #.......
#...... #.....
#...# #...#
#...##########
#...o).)......
#####..@#####.....
#.......# ##.
........# .
#......<# ...
#####...#####.....
#...รท.....#
#...####......
#...# .#### ##.##
.#


You could see an orc wizard.

Vanquished Creatures
  An orc wizard (D:3)
  An ooze (D:3)
  3 worms (D:2)
  2 giant geckos
  2 orcs (D:3)
  9 bats
  4 goblins
  6 hobgoblins
  3 giant cockroaches
  4 giant newts
  8 kobolds
  10 rats
53 creatures vanquished.

Notes
Turn   | Place    | Note
--------------------------------------------------------------
     0 | Abyss:1  | Gargoyl the Demonspawn Abyssal Knight began the quest for the Orb.
     0 | Abyss:1  | Reached XP level 1. HP: 18/18 MP: 2/2
    46 | Abyss:1  | Found a viscous altar of Jiyva.
    66 | Abyss:1  | Noticed a hellwing
    68 | Abyss:1  | Noticed a freezing wraith
    68 | Abyss:1  | Noticed a starcursed mass
    69 | Abyss:1  | Noticed a tormentor
    70 | Abyss:1  | Noticed a neqoxec
   116 | Abyss:2  | Noticed a wretched star
   116 | D:1      | Escaped the Abyss
   130 | D:1      | Noticed an electric eel
   296 | D:1      | Reached * piety under Lugonu
   347 | D:1      | Reached skill level 1 in Dodging
   350 | D:1      | Gained mutation: You have a pair of small antennae on your head. [demonic ancestry]
   350 | D:1      | Reached XP level 2. HP: 13/24 MP: 4/4
  1289 | D:2      | Gained mutation: You have a pair of antennae on your head. [demonic ancestry]
  1289 | D:2      | Reached XP level 3. HP: 6/29 MP: 5/5
  1977 | D:2      | Reached ** piety under Lugonu
  2561 | D:3      | HP: 1/29 [ooze (4)]
  2563 | D:3      | Reached XP level 4. HP: 19/36 MP: 6/6
  2574 | D:3      | Killed from afar by an orc wizard

Action                   |  1- 3 |  4- 6 || total
-------------------------+-------+-------++-------
Melee: Hand axe          |   147 |     6 ||   153
Invok: Depart the Abyss  |     1 |       ||     1
  Use: Potion            |     3 |       ||     3
       Scroll            |     1 |       ||     1
  Eat: Bread ration      |     1 |       ||     1
       Chunk             |     1 |       ||     1
